[Event "*** Titled Tuesday Blitz"]
[Site "Chess.com"]
[Date "2021.04.27"]
[Round "5"]
[White "Artem_Sadovsky"]
[Black "Nafania1"]
[Result "0-1"]
[WhiteElo "2695"]
[BlackElo "2547"]
[TimeControl "180+1"]
[EndTime "10:56:26 PDT"]
[Termination "Nafania1 won by resignation"]

1. Nf3 c5 2. b3 Nc6 3. Bb2 Nf6 4. e3 g6 5. g4 Bg7 6. g5 Nh5 7. Bxg7 Nxg7 8. d4 cxd4 9. Nxd4 d5 10. h4 e5 11.
Nxc6 bxc6 12. c4 O-O 13. Be2 Be6 14. Nd2 e4 15. Rc1 f6 16. cxd5 cxd5 17. f4 Qb6 18. Kf2 Nf5 19. Nf1 Rad8 20. Qc2 fxg5 21. hxg5 Nxe3 22.
Qc7 Ng4+ 23. Ke1 Qf2+ 24. Kd1 Qd4+ 25. Ke1 Rd7 26. Bxg4 Bxg4 27. Qc5 Qxc5 28. Rxc5 d4 29. Rg1 Rxf4 30. Nd2 Bf5 31. Nc4 e3 32. Re5 Kg7 33.
Rg2 Re4 34. Rg1 Rxe5 35. Nxe5 Rc7 36. Nc4 Bd3 37. Rg4 Bxc4 38. bxc4 Rxc4 39. Re4 Kf7 40.
Ke2 d3+ 0-1

[Event "*** Titled Tuesday Blitz"]
[Site "Chess.com"]
[Date "2021.04.27"]
[Round "5"]
[White "chessdiamant"]
[Black "zurzan"]
[Result "0-1"]
[WhiteElo "2286"]
[BlackElo "2032"]
[TimeControl "180+1"]
[EndTime "10:56:26 PDT"]
[Termination "zurzan won on time"]

1. d4 g6 2. c4 c6 3. g3 f5 4. Nf3 Nf6 5. Nc3 Bg7 6. Bg2 O-O 7. O-O d6 8. b3 Na6 9. Bb2 Qc7 10. Qc2 e5 11. dxe5 dxe5 12. e4 Nb4 13. Qe2 fxe4 14. Nxe4 Nxe4 15. Qxe4 Bf5 16. Bxe5 Bxe4 17. Bxc7 Bxf3 18.
Bd6 Bxg2 19. Kxg2 Bxa1 20. Bxb4 Bg7 21. Bxf8 Rxf8 22. Rd1 Rf7 23. Rd8+ Bf8 24. Ra8 a6 25.
f4 Kg7 26. Kf3 Bc5 27. h4 Re7 28. Rb8 h6 29. Kg4 h5+ 30. Kh3 Rd7 31. a4 Kf6 32. Kg2 Kf5 33. Kh3 Ke4 34. Rg8 Kd3 35. Rxg6 Kc3 36.
Rg5 Bf2 37. Rxh5 Kxb3 38. Re5 Kxa4 39. h5 Bd4 40. Re6 Kb4 41. g4 a5 42. g5 a4 43. h6 a3 44. Re2 Bb2 45. g6 Kb3 46. h7 Bg7 47. Kg4 a2 48. Re1 Kxc4 49. Kg5 Kb3 50. f5 Rd6 51. f6 Bxf6+ 52. Kh6 Kb2 53. g7 Bc3+ 54. Kh5 Bxg7 0-1

[Event "*** Titled Tuesday Blitz"]
[Site "Chess.com"]
[Date "2021.04.27"]
[Round "5"]
[White "MartinMatthiesen"]
[Black "SchmakAttack"]
[Result "1-0"]
[WhiteElo "2468"]
[BlackElo "2606"]
[TimeControl "180+1"]
[EndTime "10:56:27 PDT"]
[Termination "MartinMatthiesen won on time"]

1. d4 Nf6 2. c4 g6 3. Nc3 Bg7 4.
e4 d6 5. Nf3 O-O 6. Be2 e5 7.
d5 a5 8. Bg5 h6 9. Bh4 Na6 10.
O-O Qe8 11. Nd2 Bd7 12. b3 Nh7 13. a3 h5 14. f3 Bh6 15. Kh1 Be3 16. Rb1 Bc5 17. Qc1 f5 18. exf5 gxf5 19. Na2 Qg6 20.
b4 axb4 21. axb4 Be3 22. Qc2 Kh8 23. Bf2 Rg8 24. g3 Qh6 25. Nb3 Bxf2 26. Rxf2 h4 27. gxh4 Qxh4 28. Bd3 Ng5 29. b5 Nh3 30. Rd2 Nc5 31.
Nxc5 dxc5 32. Rf1 Rg5 33. Rg2 Rxg2 34. Qxg2 Rg8 35. Qd2 e4 36. fxe4 fxe4 37. Bb1 Rg7 38. Qe3 1-0

[Event "*** Titled Tuesday Blitz"]
[Site "Chess.com"]
[Date "2021.04.27"]
[Round "5"]
[White "mr65"]
[Black "KyrgyzFighter"]
[Result "0-1"]
[WhiteElo "2184"]
[BlackElo "2416"]
[TimeControl "180+1"]
[EndTime "10:56:27 PDT"]
[Termination "KyrgyzFighter won by checkmate"]

1. e4 e6 2. d4 d5 3. Nc3 Nc6 4. Nf3 Nf6 5. e5 Ne4 6. Bd3 Bb4 7. Bd2 Bxc3 8. bxc3 b6 9. O-O Bb7 10. Qe2 Qd7 11.
Bxe4 dxe4 12. Ng5 O-O-O 13. Nxe4 Nxd4 14. cxd4 Qxd4 15. Bg5 Rd5 16. Ng3 Rxe5 17. Qd2 Qc5 18. Be3 Qc6 19. f3 Rd8 20. Qf2 Red5 21. a4 a5 22. Rfc1 f5 23. c4 Rd3 24. c5 b5 25.
axb5 Qxb5 26. c6 Bxc6 27. Qc2 R8d6 28. Bf4 e5 29. Nxf5 exf4 30. Nxd6+ Rxd6 31. Rab1 Qe5 32. Re1 Qg5 33. Kh1 Rh6 34. Qe2 Qh4 35. h3 Qg3 36. Rec1 Rxh3+ 37. gxh3 Bxf3+ 38. Qxf3 Qxf3+ 39. Kh2 Qg3+ 40. Kh1 f3 41. Rg1 Qxh3# 0-1

[Event "*** Titled Tuesday Blitz"]
[Site "Chess.com"]
[Date "2021.04.27"]
[Round "5"]
[White "Natalya_Buksa"]
[Black "Witik"]
[Result "1-0"]
[WhiteElo "2520"]
[BlackElo "2693"]
[TimeControl "180+1"]
[EndTime "10:56:29 PDT"]
[Termination "Natalya_Buksa won on time"]

1. d4 Nf6 2. Nc3 d6 3. e4 e5 4. Nf3 Nbd7 5. Bc4 Be7 6. O-O O-O 7. Re1 c6 8. a4 a5 9. b3 exd4 10. Nxd4 Nc5 11. Ba3 Qb6 12. h3 Re8 13. e5 dxe5 14.
Rxe5 Bd7 15. Nf5 Bf8 16. Rxe8 Bxe8 17. Qf3 Bd7 18. Nh6+ gxh6 19. Qxf6 Be6 20. Bxe6 Nxe6 21. Bxf8 Rxf8 22. Qxh6 Qd4 23. Qe3 Qxe3 24. fxe3 Nc5 25. Rd1 Re8 26. Kf2 Re6 27. Rd4 h6 28. Kf3 Kf8 29.
Ne2 Rf6+ 30. Rf4 Rd6 31. Nd4 Rg6 32. g4 Ke8 33. Rf5 b6 34. h4 Rd6 35. g5 hxg5 36.
Rxg5 Kf8 37. h5 Ne6 38. Nxe6+ Rxe6 39. Kf4 Ke7 40. Re5 Kf6 41. Rxe6+ fxe6 42. e4 e5+ 43. Kg4 1-0

[Event "*** Titled Tuesday Blitz"]
[Site "Chess.com"]
[Date "2021.04.27"]
[Round "5"]
[White "ShahMatKanal"]
[Black "chess94cu"]
[Result "1-0"]
[WhiteElo "2427"]
[BlackElo "2568"]
[TimeControl "180+1"]
[EndTime "10:56:29 PDT"]
[Termination "ShahMatKanal won by resignation"]

1. e4 d6 2. d4 Nd7 3. Nf3 Ngf6 4. e5 Nd5 5. c4 N5b6 6. Nc3 e6 7. Bd3 Be7 8. Qe2 dxe5 9. dxe5 Nc5 10. Bc2 a5 11. Be3 Bd7 12. Rd1 Qc8 13. h4 h6 14.
Rh3 Bc6 15. h5 Bxf3 16. Rxf3 Nbd7 17. Bf4 c6 18. Rg3 Kf8 19. Qg4 Rg8 20. Bh7 f5 21.
Qg6 Qe8 22. Qxe8+ Rxe8 23. Bxg8 Kxg8 24. Bxh6 Bf8 25. Bf4 Kf7 26. Kf1 a4 27. Nxa4 Ra8 28.
Nxc5 Nxc5 29. a3 Ne4 30. Rgd3 Be7 31. f3 b5 32. fxe4 bxc4 33. Rd7 fxe4 34. Ke2 Ke8 35. Rxe7+ Kxe7 36. Ke3 Rb8 37. Rd2 Rb3+ 38. Kxe4 c5 39. Bg5+ Kf7 40. g4 Kg8 41. Rc2 Kf7 42. Rxc4 Rxb2 43.
Rxc5 Rb3 44. Rc7+ Kg8 45. Re7 Rxa3 46. Rxe6 Ra4+ 47. Kf5 Kh7 48. h6 gxh6 49. Rxh6+ Kg7 50. Rd6 Ra1 51. Bf6+ Kh7 52. Rd7+ Kg8 53. g5 Ra8 54. Kg6 Rc8 55. Rh7 1-0

[Event "*** Titled Tuesday Blitz"]
[Site "Chess.com"]
[Date "2021.04.27"]
[Round "5"]
[White "CrushingKings"]
[Black "MarcoRiehle"]
[Result "0-1"]
[WhiteElo "2522"]
[BlackElo "2714"]
[TimeControl "180+1"]
[EndTime "10:56:30 PDT"]
[Termination "MarcoRiehle won on time"]

1. e4 e5 2. Nf3 Nf6 3. Nxe5 Nxe4 4. Qe2 Qe7 5. Qxe4 d6 6. d4 dxe5 7. dxe5 Nc6 8. Bb5 Bd7 9. O-O O-O-O 10. Bxc6 Bxc6 11. Qg4+ Kb8 12. Qg3 f6 13. exf6 gxf6 14. Nc3 Bh6 15. f3 Rhg8 16. Qf2 Bf8 17. Be3 b6 18. Rad1 Re8 19. Rfe1 Qg7 20. Bd4 Bd6 21. Ne4 Bxe4 22. Rxe4 Qh6 23. Rxe8+ Rxe8 24. g3 Qg5 25.
Re1 Rd8 26. Qe3 Bf4 27. Qf2 Bd2 28. Re2 Bc1 29. Kg2 h5 30. Re6 Qd5 31. Bxf6 Rf8 32. Qe2 Qd7 33. Bc3 Bg5 34. Qe4 h4 35. f4 Bd8 36. Qc6 Qh7 37. Re8 h3+ 38. Kf3 Qh5+ 39.
Kf2 Qxe8 40. Qd5 Qe7 41. b4 c6 0-1

[Event "*** Titled Tuesday Blitz"]
[Site "Chess.com"]
[Date "2021.04.27"]
[Round "5"]
[White "Aslanov_Umid"]
[Black "IMRosen"]
[Result "0-1"]
[WhiteElo "2446"]
[BlackElo "2667"]
[TimeControl "180+1"]
[EndTime "10:56:30 PDT"]
[Termination "IMRosen won by resignation"]

1. e4 e5 2. Nf3 Nf6 3. d4 exd4 4. e5 Ne4 5. Qxd4 d5 6. exd6 Nxd6 7. Nc3 Nc6 8. Qf4 g6 9. Be2 Bg7 10. O-O O-O 11. Be3 Bf5 12. Rac1 Qd7 13. Rfd1 Rad8 14. Nd5 Bxb2 15. Bd4 Nxd4 16. Nxd4 f6 17. Nxf5 gxf5 18.
Rb1 Be5 19. Qh4 c6 20. Ne3 Qg7 21. Rb3 f4 22. Ng4 Nf5 23. Qh3 Nd4 24. Bc4+ Kh8 25. Rbd3 c5 26. Kh1 b5 27. Bxb5 Rb8 28. Bc4 Nxc2 29. Rd7 Qxd7 30. Rg1 Nd4 31. Nxe5 Qxh3 32. gxh3 fxe5 33. Bd3 Nf5 34. Be4 Nd6 35. Bc2 c4 36. Rd1 Rbd8 37. Ba4 e4 38. Rd5 e3 39. fxe3 fxe3 40.
Re5 Rde8 41. Bxe8 Rxe8 42. Rd5 e2 43. Rxd6 e1=Q+ 44. Kg2 0-1

[Event "*** Titled Tuesday Blitz"]
[Site "Chess.com"]
[Date "2021.04.27"]
[Round "5"]
[White "Shuvalov"]
[Black "chessmachine14"]
[Result "1-0"]
[WhiteElo "2448"]
[BlackElo "2262"]
[TimeControl "180+1"]
[EndTime "10:56:30 PDT"]
[Termination "Shuvalov won on time"]

1. b4 Nf6 2. Bb2 e6 3. a3 a5 4. b5 Be7 5. e3 O-O 6. g4 d5 7. g5 Ne4 8. f4 e5 9. Bxe5 f6 10. d3 fxe5 11. dxe4 exf4 12. exf4 Rxf4 13. Qxd5+ Qxd5 14.
exd5 Bxg5 15. Bd3 Bg4 16. Ne2 Bh4+ 17. Kd2 Rf2 18. Nc3 Nd7 19. Raf1 Raf8 20. Rxf2 Rxf2 21. h3 Bh5 22. Ne4 Rg2 23. Ke3 Ne5 24. Nf4 Bg5 25.
Nxg5 Rxg5 26. Be4 Bf7 27. Kd4 Nd7 28. d6 cxd6 29. Bxb7 Nc5 30. Bd5 Rg3 31. Rb1 Bxd5 32. Nxd5 Ne6+ 33. Ke4 Nc5+ 34. Kf4 Rxa3 35. b6 Rxh3 36.
b7 Nxb7 37. Rxb7 a4 38. Ra7 a3 39. Kf5 Rh5+ 40. Ke6 Rh6+ 41. Ke7 g5 42. Ne3 Rh3 43. Nf5 h5 44. Kf6 Rf3 45. Kg6 1-0

[Event "*** Titled Tuesday Blitz"]
[Site "Chess.com"]
[Date "2021.04.27"]
[Round "5"]
[White "lucachess49"]
[Black "YaWaleriy"]
[Result "1-0"]
[WhiteElo "2431"]
[BlackElo "2257"]
[TimeControl "180+1"]
[EndTime "10:56:30 PDT"]
[Termination "lucachess49 won on time"]

1. d4 d5 2. c4 e6 3. Nc3 Be7 4.
cxd5 exd5 5. Bf4 c6 6. Nf3 Bf5 7. e3 Nd7 8. Bd3 Bxd3 9. Qxd3 Ngf6 10. O-O O-O 11. Rab1 a5 12. a3 Re8 13. b4 axb4 14. axb4 Bf8 15. h3 b5 16. Rfe1 Ne4 17. Nd2 Ndf6 18.
f3 Nd6 19. e4 Nc4 20. Nxc4 dxc4 21. Qd2 h6 22. Red1 Ra3 23. d5 cxd5 24. e5 Nh5 25. Bh2 d4 26. Nxb5 Rd3 27. Qa2 Qg5 28. Qxc4 Nf4 29.
Bxf4 Rxd1+ 30. Rxd1 Qxf4 31. Qxd4 Qxe5 32. Nd6 Bxd6 33.
Qxd6 Qe3+ 34. Kh1 Re6 35. Qc5 Qb3 36. Rc1 g6 37. b5 1-0

[Event "*** Titled Tuesday Blitz"]
[Site "Chess.com"]
[Date "2021.04.27"]
[Round "5"]
[White "ariosp"]
[Black "BanjoKazooieN64"]
[Result "0-1"]
[WhiteElo "2201"]
[BlackElo "2514"]
[TimeControl "180+1"]
[EndTime "10:56:30 PDT"]
[Termination "BanjoKazooieN64 won on time"]

1. e4 e5 2. Nf3 Nf6 3. Bc4 Bc5 4. Nxe5 O-O 5. d4 Bb6 6. Nc3 d5 7. exd5 Bf5 8. O-O Na6 9. Be3 Nb4 10. Rc1 Nbxd5 11. Nxd5 Nxd5 12. Bxd5 Qxd5 13. c4 Qe4 14. c5 Ba5 15. Qa4 f6 16. Nc4 b6 17. b4 a6 18.
Nd2 Qg4 19. bxa5 b5 20. Qb3+ Kh8 21. Rfe1 c6 22. d5 cxd5 23. Qxd5 Be6 24. Qf3 Qg6 25.
a3 Rad8 26. c6 Bd5 27. Qg3 Qf7 28. c7 Rc8 29. Bb6 Rfe8 30. Rxe8+ Qxe8 31. Qe3 Qg6 32. f3 h5 33. Ne4 f5 34. Qg5 Qe6 35. Qxh5+ Kg8 36. Nf2 Bc4 37. Qg5 Re8 38. Qd8 Kf7 39.
Qd2 g5 40. h3 Rc8 41. a4 bxa4 42. Qxg5 a3 43. Qh5+ Ke7 0-1

[Event "*** Titled Tuesday Blitz"]
[Site "Chess.com"]
[Date "2021.04.27"]
[Round "5"]
[White "KonstantinB_1983"]
[Black "ChadBiryani"]
[Result "1-0"]
[WhiteElo "2509"]
[BlackElo "2306"]
[TimeControl "180+1"]
[EndTime "10:56:31 PDT"]
[Termination "KonstantinB_1983 won on time"]

1. d4 f5 2. c4 e6 3. g3 Nf6 4. Bg2 Be7 5. Nf3 O-O 6. O-O d6 7. b4 a5 8. b5 Ne4 9. Bb2 Nd7 10. a4 Ndf6 11. Qc2 Qe8 12. Nbd2 g5 13. Nxe4 Nxe4 14. Nd2 Nxd2 15. Qxd2 Qh5 16. f4 gxf4 17. gxf4 Bf6 18. Rf3 Kf7 19. Rh3 Qg6 20. Rg3 Qh6 21. e4 Bh4 22.
Rh3 Rg8 23. Kh1 Rg4 24. Rf1 Kf8 25. e5 Ke7 26. d5 Bd7 27. dxe6 Bxe6 28. Bxb7 Rag8 29.
exd6+ cxd6 30. Bd5 Qg6 31. Bd4 Bxd5+ 32. cxd5 Bf6 33.
Qe3+ Kf8 34. Bxf6 Qxf6 35. Rxh7 R8g7 36. Rh8+ Rg8 37. Rxg8+ Rxg8 38. Re1 Qf7 39. Qd4 Qg6 40. Qf2 Qf7 41. Qf3 Qf6 42. h3 Qb2 43. Rg1 Rh8 44. Qg3 1-0

[Event "*** Titled Tuesday Blitz"]
[Site "Chess.com"]
[Date "2021.04.27"]
[Round "5"]
[White "MeekinsKris"]
[Black "Piotrek1979"]
[Result "1/2-1/2"]
[WhiteElo "2209"]
[BlackElo "2329"]
[TimeControl "180+1"]
[EndTime "10:56:33 PDT"]
[Termination "Game drawn by repetition"]

1. e4 c5 2. d4 cxd4 3. c3 d3 4.
Bxd3 Nc6 5. c4 Nf6 6. Nf3 d6 7. h3 g6 8. O-O Bg7 9. Nc3 O-O 10. Be3 b6 11. Rc1 Bb7 12. Qd2 Rc8 13. b3 Qd7 14. Rfd1 Rfd8 15. Bh6 Bxh6 16. Qxh6 Ne5 17. Nxe5 dxe5 18. Bc2 Qc7 19. Qe3 Qc5 20. Qxc5 bxc5 21. Rxd8+ Rxd8 22. Kf1 e6 23. Ke2 Bc6 24. Rd1 Rd4 25.
f3 Nh5 26. Ke3 g5 27. Ne2 Rxd1 28. Bxd1 Nf4 29. Nxf4 exf4+ 30. Kd3 Kg7 31. Kc3 Kf6 32. a3 Ke5 33. b4 f5 34. exf5 exf5 35. bxc5 h5 36.
Be2 a5 37. Bd1 g4 38. Be2 gxh3 39. gxh3 h4 40. Bd1 Be8 41. Be2 Ba4 42. Kd3 Bc6 43.
Kc3 Bb7 44. Kd3 Bc6 45. Kc3 Ba4 46. Kd3 Bd7 47. Kc3 Be6 48. Kd3 Bf7 49. Kc3 Be8 50.
Kd3 Bc6 1/2-1/2

[Event "*** Titled Tuesday Blitz"]
[Site "Chess.com"]
[Date "2021.04.27"]
[Round "5"]
[White "Grandelicious"]
[Black "jefferyx"]
[Result "0-1"]
[WhiteElo "2843"]
[BlackElo "3001"]
[TimeControl "180+1"]
[EndTime "10:56:34 PDT"]
[Termination "jefferyx won on time"]

1. d4 d5 2. Nf3 Nf6 3. c3 e6 4. Bg5 Nbd7 5. Nbd2 h6 6. Bh4 Be7 7.
e3 c5 8. Bd3 c4 9. Bc2 b5 10.
a3 Bb7 11. O-O a5 12. Qe2 O-O 13. Bg3 b4 14. axb4 axb4 15. e4 Nh5 16. exd5 Nxg3 17.
hxg3 exd5 18. Rxa8 Bxa8 19. Ra1 Re8 20. Qd1 Bb7 21. Ba4 Bd6 22. Nf1 Re6 23. Bxd7 Qxd7 24.
Qd2 Qe8 25. Re1 Bc8 26. Rxe6 Bxe6 27. Ne3 Qa4 28. Qc1 Qa2 29. Nd2 g6 30. Nc2 bxc3 31. bxc3 h5 32. Kf1 Bc7 33. Ne3 Ba5 34. Kg1 Kg7 35.
Nd1 Bc7 36. Ne3 Bd8 37. Nd1 h4 38. gxh4 Bxh4 39. Nf3 Be7 40. Ne3 Ba3 41. Qe1 Bd6 42. Ng5 Bd7 43. Nxd5 Qa5 44. Qe4 Qa1+ 0-1

[Event "*** Titled Tuesday Blitz"]
[Site "Chess.com"]
[Date "2021.04.27"]
[Round "5"]
[White "debashisdebs"]
[Black "Airquake"]
[Result "1-0"]
[WhiteElo "2923"]
[BlackElo "2640"]
[TimeControl "180+1"]
[EndTime "10:56:34 PDT"]
[Termination "debashisdebs won by resignation"]

1. e4 c5 2. Nf3 d6 3. d4 cxd4 4. Nxd4 Nf6 5. Nc3 a6 6. f3 e5 7. Nb3 Be7 8. Be3 O-O 9. Qd2 Nc6 10. g4 Be6 11. g5 Nh5 12. O-O-O a5 13. a4 Nb4 14.
Kb1 Rc8 15. Bb5 Qc7 16. Qf2 d5 17. Bb6 Qd6 18. Nxd5 Bxd5 19. c3 Qg6 20. Nxa5 Bxe4+ 21. fxe4 Qxe4+ 22. Ka1 Nc6 23. Nb3 Ra8 24. Nc5 Bxc5 25. Bxc5 Rfd8 26. Rxd8+ Rxd8 27. Re1 Qf4 28. Qxf4 exf4 29.
Bxc6 bxc6 30. a5 f6 31. a6 fxg5 32. a7 Nf6 33. Re7 Ra8 34. Rb7 Rxa7+ 35. Rxa7 h5 36.
Bd4 f3 37. Kb1 c5 38. Bxc5 g4 39. b4 Ne4 40. Bd4 h4 41. b5 1-0

[Event "*** Titled Tuesday Blitz"]
[Site "Chess.com"]
[Date "2021.04.27"]
[Round "5"]
[White "Andrii_Prydun"]
[Black "AlexSuv"]
[Result "0-1"]
[WhiteElo "2333"]
[BlackElo "2555"]
[TimeControl "180+1"]
[EndTime "10:56:35 PDT"]
[Termination "AlexSuv won by resignation"]

1. d4 Nf6 2. Nc3 d5 3. Bf4 a6 4.
e3 e6 5. Bd3 c5 6. dxc5 Bxc5 7.
Nf3 Nc6 8. O-O h6 9. e4 b5 10. exd5 Nxd5 11. Be4 Nce7 12. Bxd5 exd5 13. Ne2 O-O 14. h3 Bf5 15. Ned4 Be4 16. c3 Ng6 17. Be3 Qf6 18. Nd2 Rfe8 19. Re1 Rad8 20. a4 Nh4 21. f3 Qg6 22. Re2 Bxd4 23. Bxd4 Bxf3 24. Nxf3 Nxf3+ 25. Kh1 Nh4 26. Rf2 Qg3 27. Qf1 f6 28.
axb5 axb5 29. Qxb5 Qg5 30. Qf1 Re4 31. Ra7 Rde8 32. Ra1 Ng6 33. b4 Nf4 34. b5 Ne2 35. b6 Ng3+ 36. Kg1 Nxf1 37. Raxf1 Re2 38. b7 Rxf2 39. Rxf2 Qg3 40. Rf1 Rb8 0-1

[Event "*** Titled Tuesday Blitz"]
[Site "Chess.com"]
[Date "2021.04.27"]
[Round "5"]
[White "OK97"]
[Black "BigAl"]
[Result "1-0"]
[WhiteElo "2747"]
[BlackElo "2574"]
[TimeControl "180+1"]
[EndTime "10:56:36 PDT"]
[Termination "OK97 won on time"]

1. c4 Nf6 2. g3 g6 3. Bg2 Bg7 4. Nc3 O-O 5. Nf3 d6 6. d4 Nbd7 7. O-O e5 8. e4 c6 9. Be3 exd4 10.
Nxd4 Re8 11. Re1 Nc5 12. f3 a5 13. Qd2 a4 14. Rad1 Qa5 15. Nc2 Be6 16. Bf1 Rad8 17. Bg5 Qb6 18. Kh1 h6 19. Be3 Qa5 20. Bxh6 Bxh6 21.
Qxh6 Qa6 22. Ne3 Qa5 23. Nc2 Qa6 24. Na3 Qb6 25. Qd2 Nfd7 26. Ne2 Ne5 27. Nd4 Kg7 28. Qc3 f6 29. Nac2 Rh8 30. Kg1 Rh5 31. f4 Nf7 32.
Ne3 Rdh8 33. Re2 Nxe4 34. Nxe6+ Kg8 35. Qd4 Qxd4 36. Rxd4 f5 37. b3 a3 38. b4 Nc3 39. Rc2 Ne4 40. b5 c5 41. Rd1 1-0

[Event "*** Titled Tuesday Blitz"]
[Site "Chess.com"]
[Date "2021.04.27"]
[Round "5"]
[White "SilviusTiberius"]
[Black "Alexsur1981"]
[Result "1-0"]
[WhiteElo "2621"]
[BlackElo "2850"]
[TimeControl "180+1"]
[EndTime "10:56:37 PDT"]
[Termination "SilviusTiberius won by checkmate"]

1. e4 c5 2. Nf3 e6 3. d4 cxd4 4. Nxd4 Nf6 5. Nc3 Nc6 6. Nxc6 bxc6 7. e5 Nd5 8. Ne4 Qc7 9. f4 Rb8 10. a3 Qb6 11. Bd3 Be7 12. Qe2 f5 13. exf6 Nxf6 14. c4 Nxe4 15. Qxe4 Bf6 16. Rb1 d5 17. Qe2 O-O 18.
Be3 Bd4 19. Bxh7+ Kxh7 20. Qd3+ Kg8 21. Bxd4 Qb3 22. Qg6 Rb7 23. O-O Qxc4 24. Be5 c5 25.
Rbc1 Qe4 26. Qxe4 dxe4 27. Rxc5 Rd7 28. Re1 Bb7 29. Re3 Bd5 30. b4 Kf7 31. Rg3 Rg8 32. Kf2 Rb7 33. Rgc3 g5 34. Rc7+ Rxc7 35. Rxc7+ Kg6 36.
fxg5 Kxg5 37. Rg7+ Rxg7 38. Bxg7 Kf4 39. Bd4 e5 40. h3 Kf5 41. g4+ Ke6 42. Bxa7 Bc6 43.
Be3 Kd5 44. h4 Kc4 45. h5 Be8 46. Bc1 Kd3 47. b5 Kc2 48. b6 Kxc1 49. Ke3 Bc6 50. h6 Kb2 51. h7 Kxa3 52. h8=Q Kb4 53. Qxe5 Kc4 54. Qc7 Kb5 55. b7 Bxb7 56. Qxb7+ Kc5 57. Qxe4 Kd6 58. g5 Kc7 59. g6 Kd6 60. g7 Kd7 61.
g8=Q Kd6 62. Qgg6+ Kc7 63. Qe7+ Kb8 64. Qg8# 1-0

[Event "*** Titled Tuesday Blitz"]
[Site "Chess.com"]
[Date "2021.04.27"]
[Round "5"]
[White "sokidze"]
[Black "Raud100"]
[Result "1-0"]
[WhiteElo "2694"]
[BlackElo "2451"]
[TimeControl "180+1"]
[EndTime "10:56:37 PDT"]
[Termination "sokidze won by checkmate"]

1. e4 d6 2. d4 Nf6 3. Nc3 g6 4. g3 Bg7 5. Bg2 O-O 6. Nge2 e5 7. h3 Nc6 8. Be3 a5 9. a4 Bd7 10. O-O exd4 11. Nxd4 Nxd4 12. Bxd4 Bc6 13. Re1 Re8 14. Qd2 Nd7 15. Bxg7 Kxg7 16. Rad1 f6 17. Qd4 Qe7 18. f4 h6 19. g4 g5 20. Ne2 gxf4 21.
Nxf4 Ne5 22. Nh5+ Kg6 23. Rf1 Rf8 24. Qf2 Bd7 25. Qh4 Rf7 26. Nf4+ Kg7 27. Nd5 Qd8 28. b3 Be6 29. Nf4 Qe7 30. Rf2 Raf8 31. Rdf1 b6 32. Nh5+ Kg6 33. Qg3 Kh7 34. Kh1 Bc8 35. Qh4 Kg6 36.
Nf4+ Kh7 37. Nd5 Qe6 38. Nxf6+ Kg7 39. Nh5+ Kg8 40. Nf4 Qf6 41. Qg3 Qg5 42. Nd5 Qd8 43. Ne3 Qg5 44. Nf5 Bxf5 45. exf5 Kg7 46. Bd5 Rf6 47. Rf4 h5 48. h4 Qxf4 49. Qxf4 hxg4 50. Qg5+ Kh7 51. Rg1 Rh6 52. f6 Rhxf6 53. Be4+ Kh8 54. Qh5+ Kg7 55. Qh7# 1-0

[Event "*** Titled Tuesday Blitz"]
[Site "Chess.com"]
[Date "2021.04.27"]
[Round "5"]
[White "PavelShkapenko"]
[Black "ural58"]
[Result "1-0"]
[WhiteElo "2666"]
[BlackElo "2478"]
[TimeControl "180+1"]
[EndTime "10:56:38 PDT"]
[Termination "PavelShkapenko won by resignation"]

1. e4 d5 2. exd5 Qxd5 3. Nf3 Bg4 4. Be2 Nc6 5. h3 Bxf3 6. Bxf3 Qe6+ 7. Qe2 Nd4 8. Qxe6 Nxf3+ 9. gxf3 fxe6 10. d3 g6 11. Nd2 Bg7 12. Nc4 Nh6 13. Bxh6 Bxh6 14. Kf1 O-O 15. Kg2 Bf4 16. Rae1 Rf6 17. Re4 Kf7 18.
Rhe1 Rd8 19. Na5 Rb8 20. R1e2 c6 21. Rb4 Rf5 22. Nxb7 a5 23. Rb3 a4 24. Rb4 Bc7 25. a3 Rg5+ 26. Kf1 Rh5 27. h4 c5 28. Rb5 Rxh4 29. c4 Rh5 30. f4 Rf5 31. Re4 Bxf4 32. Na5 Rxb5 33. cxb5 Bg3 34. b6 Rxf2+ 35. Kg1 Rxb2 36.
Nc4 Rb3 37. Re3 Bf4 38. Rf3 g5 39. Kf2 Kg6 40. d4 cxd4 41. Rxb3 axb3 42. a4 d3 43. a5 g4 44. a6 g3+ 45. Kf3 d2 46. Nxd2 Bxd2 47. b7 Bf4 48. Kxf4 g2 49. b8=Q g1=Q 50.
Qg8+ Kf6 51. Qxg1 1-0

[Event "*** Titled Tuesday Blitz"]
[Site "Chess.com"]
[Date "2021.04.27"]
[Round "5"]
[White "MikeSailer"]
[Black "MaevskiyNikolay"]
[Result "0-1"]
[WhiteElo "2185"]
[BlackElo "2480"]
[TimeControl "180+1"]
[EndTime "10:56:38 PDT"]
[Termination "MaevskiyNikolay won by checkmate"]

1. d4 Nf6 2. Nf3 e6 3. Bf4 b5 4.
e3 a6 5. Be2 Bb7 6. O-O c5 7.
c3 Nc6 8. Nbd2 Be7 9. h3 O-O 10.
e4 cxd4 11. cxd4 d6 12. a4 b4 13. Rc1 Rc8 14. Bd3 h6 15. Qe2 a5 16. Ba6 Qb6 17. Bxb7 Qxb7 18. Nc4 Rfd8 19. Qe3 d5 20. Nce5 Nxe5 21. Nxe5 Nxe4 22. Bxh6 gxh6 23. Qxh6 Bg5 24. Rxc8 Rxc8 25. Qh5 Qe7 26. g3 Bf6 27. Ng4 Bg7 28. h4 f5 29. Ne5 Bxe5 30. dxe5 Qf7 31. Qe2 Qg7 32. Qa6 Qd7 33. Qxa5 Rc4 34. Qa8+ Kg7 35. h5 Qc8 36. Qa5 Qc7 37. Qa6 Qxe5 38. Qb7+ Qc7 39.
Qb5 Nxg3 40. fxg3 Qxg3+ 41. Kh1 Rh4# 0-1

[Event "*** Titled Tuesday Blitz"]
[Site "Chess.com"]
[Date "2021.04.27"]
[Round "5"]
[White "superchess02"]
[Black "onnoelgersma"]
[Result "1-0"]
[WhiteElo "2779"]
[BlackElo "2459"]
[TimeControl "180+1"]
[EndTime "10:56:39 PDT"]
[Termination "superchess02 won by resignation"]

1. e4 c5 2. Nf3 e6 3. d4 cxd4 4. Nxd4 a6 5. Nc3 Nc6 6. Be3 Nf6 7. Be2 Qc7 8. O-O Bb4 9. Na4 Be7 10. c4 O-O 11. f3 d6 12. Rc1 Bd7 13. Nc3 Ne5 14.
b3 Rac8 15. Qe1 Rfe8 16. Qf2 Qa5 17. g4 h6 18. Rfd1 b5 19. cxb5 Rxc3 20. Bd2 Qxa2 21. Bxc3 Qa3 22. bxa6 d5 23. Nc2 Qd6 24. Bb4 Qb8 25.
Bxe7 Rxe7 26. a7 Qa8 27. Qc5 Re8 28. Nd4 dxe4 29. Qxe5 exf3 30. Bxf3 Qxa7 31. Qc5 Qa2 32. Ra1 Qb2 33. Qc2 Qxc2 34. Nxc2 e5 35. h3 e4 36. Be2 e3 37. Rd3 Be6 38. Rxe3 Rc8 39. Nd4 Bd5 40. Bf3 Bxf3 41. Rxf3 Ne4 42. Nf5 Kf8 43. Re3 Ng5 44. b4 Rb8 45. b5 Ne6 46. Rb1 g6 47. Nd6 Nd4 48. b6 Nc2 49. Re4 Na3 50. Rb3 Nc2 51. b7 Kg7 52. Re8 Rxe8 53. Nxe8+ 1-0

[Event "*** Titled Tuesday Blitz"]
[Site "Chess.com"]
[Date "2021.04.27"]
[Round "5"]
[White "Pertinhez76"]
[Black "TheKingOfTheForest"]
[Result "0-1"]
[WhiteElo "2090"]
[BlackElo "2233"]
[TimeControl "180+1"]
[EndTime "10:56:39 PDT"]
[Termination "TheKingOfTheForest won on time"]

1. d4 f5 2. e4 fxe4 3. Nc3 Nf6 4. Bg5 Nc6 5. d5 Ne5 6. Qd2 d6 7. O-O-O Bf5 8. Re1 Qd7 9. Nge2 O-O-O 10. Nd4 Kb8 11. h3 c5 12. dxc6 Nxc6 13. Bb5 Bg6 14. Bxf6 exf6 15.
Nd5 a6 16. Bxc6 bxc6 17. Nb4 c5 18. Nxa6+ Kb7 19. Re3 Ra8 20. Rb3+ Kc8 21. Qa5 cxd4 22.
Qb6 Qa7 23. Qc6+ Kd8 24. Rb7 Qxb7 25. Qxb7 Rc8 26. Rd1 d3 27. c3 Be7 28. Qb6+ Ke8 29.
Qb5+ Kf7 30. Qd5+ Kf8 31. f3 Rd8 32. fxe4 Bf7 33. Qb7 Re8 34. Rxd3 g6 35. e5 fxe5 36. Rf3 Kg7 37. Nc7 Ref8 38. Nd5 Bxd5 39. Qxe7+ Kh6 0-1

[Event "*** Titled Tuesday Blitz"]
[Site "Chess.com"]
[Date "2021.04.27"]
[Round "5"]
[White "Vladyslav_Puchka"]
[Black "KaspMagAlpha"]
[Result "1-0"]
[WhiteElo "2112"]
[BlackElo "2220"]
[TimeControl "180+1"]
[EndTime "10:56:41 PDT"]
[Termination "Vladyslav_Puchka won by checkmate"]

1. d4 Nf6 2. c4 e6 3. Nf3 Bb4+ 4.
Bd2 c5 5. Bxb4 cxb4 6. e3 Kf8 7. Qb3 a5 8. a3 bxa3 9. Nxa3 g6 10. Be2 Kg7 11. O-O d6 12. Nb5 Re8 13. Rfc1 Na6 14. Nd2 Nb4 15. Bf3 Ra6 16. c5 dxc5 17. Rxc5 Nd7 18.
Rc3 Nb6 19. Nc7 N6d5 20. Nxe8+ Qxe8 21. Bxd5 exd5 22. Rc5 b6 23. Rc7 Bd7 24. Rac1 Ba4 25. Qa3 Ra8 26. Nf3 Bb5 27. Ne5 Qe6 28. Rxf7+ Kg8 29.
Rcc7 Be8 30. Rg7+ Kf8 31. Rxh7 Kg8 32. Rhg7+ Kf8 33. Qc3 Qf5 34. h3 Rd8 35. g4 Qf6 36. Kg2 Rd6 37. Rh7 Kg8 38. Rhg7+ Qxg7 39. Rxg7+ Kxg7 40.
Qc7+ Rd7 41. Nxd7 Bxd7 42. Qxd7+ Kh8 43. Qd8+ Kg7 44. Qxb6 Kh6 45. Qxa5 Nd3 46. Qxd5 Ne1+ 47. Kf1 Nd3 48. b3 Nb4 49. Qc4 Na2 50. b4 Nxb4 51. Qxb4 Kg5 52. Qc5+ Kh4 53. Qe5 g5 54. Qg3# 1-0